 Dungeon Crawl Stone Soup version 0.25-a0-404-gc1b5a34292 (webtiles) character file.

Game seed: 5782789331731314251, levelgen mode: deterministic

296 Jerej03 the Chopper (level 6, -4/56 HPs)
             Began as a Deep Dwarf Fighter on Jan 11, 2020.
             Slain by an ogre
             ... wielding a +0 giant spiked club
              (19 damage)
             ... on level 5 of the Dungeon.
             The game lasted 00:06:43 (1715 turns).

Jerej03 the Chopper (Deep Dwarf Fighter)            Turns: 1715, Time: 00:06:43

Health: -4/56      AC: 13    Str: 22    XL:     6   Next: 12%
Magic:  5/5        EV:  4    Int:  8    God:
Gold:   98         SH: 14    Dex: 12    Spells: 5/5 levels left

rFire    . . .     SeeInvis .   a - +0 war axe
rCold    . . .     Gourm    .   c - +0 shield
rNeg     . . .     Faith    .   u - +0 plate armour
rPois    .         Spirit   .   (no helmet)
rElec    .         Reflect  +   s - +0 cloak
rCorr    .         Harm     .   (no gloves)
MR       .....                  (no boots)
Stlth    ..........             v - +4 amulet of reflection
HPRegen  0.00/turn              (no ring)
MPRegen  0.09/turn              (no ring)

@: lethally poisoned (-4 -> -4), non-regenerating
A: damage resistance, heal wounds, sense surroundings 1, no regeneration
a: Heal Wounds


You were on level 5 of the Dungeon.
You were hungry.

You visited 1 branch of the dungeon, and saw 4 of its levels.

You collected 98 gold pieces.

Inventory:

Hand Weapons
 a - a +0 war axe (weapon)
 x - a +0 antimagic mace
Missiles
 g - 54 stones (quivered)
Armour
 c - a +0 shield (worn)
 s - a +0 cloak (worn)
 u - a +0 plate armour (worn)
Jewellery
 v - a +4 amulet of reflection (around neck)
Scrolls
 b - a scroll of vulnerability {unknown}
 h - a scroll of blinking {unknown}
 i - 2 scrolls of amnesia {unknown}
 j - a scroll of enchant armour {unknown}
 l - 2 scrolls of remove curse {unknown}
 n - a scroll of fear {unknown}
 o - a scroll of enchant weapon {unknown}
 q - a scroll of magic mapping {unknown}
 r - 2 scrolls of identify {unknown}
 t - a scroll of fog {unknown}
Potions
 d - 2 potions of might
 e - a potion of agility {unknown}
 k - a potion of degeneration {unknown}
 m - a potion of lignification {unknown}
 p - a potion of heal wounds {unknown}
 w - a potion of resistance {unknown}
Comestibles
 f - 3 rations


   Skills:
 + Level 3.4 Fighting
 + Level 4.6 Axes
 + Level 4.5 Armour
 + Level 1.3 Dodging
 + Level 0.6 Stealth
 + Level 4.3 Shields


You had 5 spell levels left.
You didn't know any spells.
Your spell library was empty.

Dungeon Overview and Level Annotations

Branches:
Dungeon (3/15)

Altars:


Innate Abilities, Weirdness & Mutations

You are resistant to damage.
You can heal yourself by infusing magical energy.
You passively map a small area around you.
You do not regenerate.


Message History

You closely miss the adder. The adder bites you but does no damage.
You closely miss the adder. The adder bites you but does no damage.
The adder bites you.
You are poisoned.
The adder poisons you!
You closely miss the adder. The adder bites you. x2
You are more poisoned.
The adder poisons you!
You closely miss the adder. You hit the ogre. You block the adder's attack.
The ogre hits you but does no damage. The adder barely misses you.
You closely miss the adder. You slash the ogre! You block the adder's attack.
The ogre barely misses you.
You miss the adder. You barely miss the ogre.
The adder bites you but does no damage. You block the adder's attack.
The ogre hits you with a +0 giant spiked club!!
You closely miss the adder. You hit the ogre but do no damage.
You block the adder's attack. The adder bites you.
* * * LOW HITPOINT WARNING * * *
The ogre hits you with a +0 giant spiked club!!
You die...

##..#..# ##..## #......#
#....# #......# #....#
###.##.#######.####### *
#...##'##..###.#..#..#..
............#..[........
............'...........
###.############'###.###
* *#.# * * #@# , ...
#....SO...... * ..... >
#............ , .# ...#
, ,#............ , ,
#.....$...... ,
#####.###...# * , ###*
...# * ... , , , , , ,


You could see an ogre and an adder.

Vanquished Creatures
  An ogre (D:5)
  Blork the orc (D:5)
  2 orc wizards (D:3)
  A worker ant (D:5)
  2 adders
  An ooze (D:3)
  A dart slug (D:1)
  2 leopard geckos
  An orc (D:3)
  2 ball pythons
  A giant cockroach (D:2)
  2 goblins
  2 hobgoblins
  7 jackals
  A quokka (D:2)
  5 frilled lizards
  2 kobolds (D:1)
  3 rats
37 creatures vanquished.

Notes
Turn   | Place    | Note
-------+----------+-------------------------------------------
     0 | D:1      | Jerej03 the Deep Dwarf Fighter began the quest for the Orb.
     0 | D:1      | Reached XP level 1. HP: 20/20 MP: 1/1
   354 | D:1      | Reached XP level 2. HP: 12/27 MP: 2/2
  1005 | D:2      | Reached XP level 3. HP: 29/34 MP: 2/2
  1505 | D:3      | Reached XP level 4. HP: 23/42 MP: 3/3
  1538 | D:3      | Found a faded altar of an unknown god.
  1538 | D:3      | You fall into a shaft and drop 2 floors!
  1538 | D:5      | Entered Level 5 of the Dungeon
  1549 | D:5      | Reached skill level 1 in Dodging
  1562 | D:5      | Noticed an ogre
  1569 | D:5      | Reached XP level 5. HP: 43/49 MP: 4/4
  1577 | D:5      | Killed an ogre
  1646 | D:5      | Noticed Blork the orc
  1662 | D:5      | Killed Blork the orc
  1662 | D:5      | Reached XP level 6. HP: 41/56 MP: 3/5
  1715 | D:5      | Slain by an ogre

Levels and vault maps discovered:
D:1:      onia_arrival_mini_spirals, layout_basic, nrook_mini_vaults
D:2:      layout_loops_ring
D:3:      layout_loops_ring, lemuel_zombie_altar_yredelemnul,
          chequers_ecumenical_altar_island, minmay_vboxes
D:5:      layout_gridville, grunt_temple_overflow_opulence,
          minmay_temple_entry_overgrown, first_ration, uniq_sigmund,
          uniq_blork_the_orc, uniq_pikel

Skill      XL: |  1  2  3  4  5 |
---------------+----------------+-----
Fighting       | 3 |  3.4
Axes           | 3 4 |  4.6
Armour         | 4 |  4.5
Dodging        | 1 |  1.3
Shields        | 4 |  4.3
Stealth        | |  0.6

Action                   |  1- 3 |  4- 6 || total
-------------------------+-------+-------++-------
Melee: War axe           |   116 |    43 ||   159
 Abil: Heal Wounds       |     1 |     1 ||     2
 Stab: Distracted        |     1 |       ||     1
  Eat: Chunk             |     1 |     1 ||     2
Armor: Scale mail        |    43 |       ||    43
       Plate armour      |     8 |    19 ||    27
Dodge: Dodged            |    38 |     5 ||    43
Block: Shield            |    62 |    27 ||    89

Table legend:
 A = Non-vault XP
 B = Vault XP
 C = Vault XP percentage of total XP
 D = Non-vault monster count
 E = Vault monster count
 F = Vault count percentage of total count
                 A         B        C        D         E       F
            +---------+---------+-------+---------+---------+-------
      Total |     324 |      99 |  23.4 |      36 |       1 |   2.7
            +---------+---------+-------+---------+---------+-------
        D:1 |      30 |       0 |   0.0 |      17 |       0 |   0.0
        D:2 |      31 |       0 |   0.0 |      10 |       0 |   0.0
        D:3 |      94 |       0 |   0.0 |       5 |       0 |   0.0
        D:5 |     169 |      99 |  36.9 |       4 |       1 |  20.0
            +---------+---------+-------+---------+---------+-------
